 Dungeon Crawl Stone Soup version 0.28.0-45-g0d030f2227 (webtiles) character file.

Game seed: 7305772381544886149

35 zeratav the Insei (level 3, -1/21 (23) HPs)
             Began as an Octopode Transmuter on Apr 10, 2022.
             Slain by a jackal (3 damage)
             ... on level 2 of the Dungeon.
             The game lasted 00:01:18 (1148 turns).

zeratav the Insei (Octopode Transmuter)             Turns: 1148, Time: 00:01:18

HP:   -1/21 (23)    AC:  1    Str:  9    XL:     3   Next: 35%
MP:   6/6           EV: 13    Int: 15    God:
Gold: 34            SH:  0    Dex: 14    Spells: 5/6 levels left

rFire   . . .      SeeInvis .   d - +2 dagger (drain) {short}
rCold   . . .      Faith    .   (no shield)
rNeg    . . .      Spirit   .   (helmet currently unavailable)
rPois   .          Reflect  .   (no amulet)
rElec   .          Harm     .   (no ring)
rCorr   .          Rampage  .   (no ring)
Will    .....                   (no ring)
Stlth   +++.......              (no ring)
HPRegen 0.07/turn               (no ring)
MPRegen 0.10/turn               (no ring)
                                (no ring)
                                (no ring)

@: appendages (expiring), drained
A: tentacle spike 3, almost no armour, amphibious, 8 rings, camouflage 1,
gelatinous body 1, (nimble swimmer 1), tentacles
a: End Transformation


You were on level 2 of the Dungeon.
One of your tentacles had grown a beastly spike.
You visited 1 branch of the dungeon, and saw 2 of its levels.

You collected 34 gold pieces.


Innate Abilities, Weirdness & Mutations

One of your tentacles has grown a beastly spike.
You cannot wear most types of armour.
You are amphibious.
You can wear up to eight rings at the same time.
Your skin changes colour to match your surroundings (Stealth+).
Your rubbery body absorbs attacks. (AC +1, EV +1)
((You are camouflaged when in or above water. (Stealth+)))
You have tentacles for arms and can constrict up to eight enemies at once.


   Skills:
 + Level 1.6 Fighting
 + Level 2.3 Dodging
 + Level 1.6 Stealth
 * Level 3.5 Unarmed Combat
 - Level 2.0 Spellcasting
 - Level 2.0 Transmutations


You had 5 spell levels left.
You knew the following spells:

 Your Spells              Type           Power      Damage    Failure   Level
a - Beastly Appendage     Tmut           14%        N/A       10%         1

Your spell library contained the following spells:

 Spells                   Type           Power      Damage    Failure   Level
 Wereblood                Tmut           7%         N/A       14%         2
 Spider Form              Tmut/Pois      4%         N/A       41%         3
 Ice Form                 Ice/Tmut       4%         N/A       82%         4

Inventory:

Hand Weapons
 d - a +2 dagger of draining (weapon) {short}
   (You took it off a goblin on level 1 of the Dungeon)
Scrolls
 c - 4 scrolls of identify {unknown}
Potions
 a - a potion of attraction {unknown}
 b - a potion of degeneration {unknown}

Dungeon Overview and Level Annotations

Branches:
Dungeon (2/15)

Altars:

. #...# #. #...####
#..#......### .
#......#...#..
###..†.##....
####.#..#..##.
..........# ..
.....#.)######....
....##.....@hg.....
.... #.....hh......
#.# #....$)...#..#
#............#
...#########.#.#
##. .# # .. . # .


You could see 3 jackals and a hobgoblin.


Message History

The kobold barely misses you.
You hit the kobold.
You kill the kobold!
No target in view!
No target in view!
No target in view!
No target in view!
No target in view!
No target in view!
No target in view!
A jackal comes into view.
MP[+1]
Your mp is fully restored (6).
A jackal is nearby!
You extend your transformation's duration.
The jackal barks!
You hear a shout!
A jackal comes into view.
MP[-1]
You lost 1 mp, and now have 5/6 mp.
A jackal comes into view.
The jackal barely misses you.
You barely miss the jackal. Your grab misses the jackal.
You pierce the jackal.
You tentacle-slap the jackal, but do no damage.
The jackal barely misses you. The jackal bites you.
HP[-1]
You take 1 damage, and now have 17/21 hp.
You hit the jackal. Your grab misses the jackal.
A jackal comes into view.
The jackal bites you. The jackal misses you.
HP[-2]
You take 2 damage, and now have 15/21 hp.
You barely miss the jackal. You grab the jackal.
Your transformation is almost over.
You constrict the jackal, but do no damage.
The jackal closely misses you. x2
A hobgoblin comes into view.
The jackal bites you.
The jackal escapes!
HP[-3]
You take 3 damage, and now have 12/21 hp.
The hobgoblin shouts!
You hit the jackal.
You kill the jackal!
The jackal bites you.
HP[-1]
You take 1 damage, and now have 11/21 hp.
You barely miss the jackal. Your grab misses the jackal.
You pierce the jackal.
The jackal bites you.
* * * LOW HITPOINT WARNING * * *
The jackal barely misses you. The jackal closely misses you.
You are too injured to fight recklessly!
HP[-1]
You take 1 damage, and now have 10/21 hp.
You are too injured to fight recklessly!
You are too injured to fight recklessly!
You are too injured to fight recklessly!
You are too injured to fight recklessly!
You are too injured to fight recklessly!
You are too injured to fight recklessly!
You are too injured to fight recklessly!
You are too injured to fight recklessly!
You are too injured to fight recklessly!
You are too injured to fight recklessly!
You are too injured to fight recklessly!
You are too injured to fight recklessly!
You are too injured to fight recklessly!
You are too injured to fight recklessly!
You are too injured to fight recklessly!
You are too injured to fight recklessly!
You are too injured to fight recklessly!
You are too injured to fight recklessly!
You hit the jackal but do no damage. Your grab misses the jackal.
Your tentacle spike misses the jackal.
You squeeze the jackal. The jackal barely misses you. The jackal bites you.
* * * LOW HITPOINT WARNING * * *
The jackal barely misses you.
HP[-2]
You take 2 damage, and now have 8/21 hp.
You barely miss the jackal. Your grab misses the jackal.
Your tentacle spike misses the jackal.
Your squeeze misses the jackal. The jackal misses you.
The jackal closely misses you. The jackal bites you.
* * * LOW HITPOINT WARNING * * *
The jackal misses you.
HP[-3] MP[+1]
You take 3 damage, and now have 5/21 hp.
Your mp is fully restored (6).
You closely miss the jackal. You grab the jackal.
You squeeze the jackal, but do no damage.
You constrict the jackal, but do no damage.
The jackal closely misses you. x2; The jackal completely misses you.
The jackal closely misses you. The jackal bites you.
* * * LOW HITPOINT WARNING * * *
HP[-2]
You take 2 damage, and now have 3/21 hp.
You completely miss the jackal. Your grab misses the jackal.
Your tentacle spike misses the jackal.
You squeeze the jackal.
You constrict the jackal, but do no damage.
The jackal bites you.
* * * LOW HITPOINT WARNING * * *
The jackal closely misses you. The jackal bites you.
You die...

Skill      XL: |  1  2 |
---------------+-------+-----
Stealth        | 1 |  1.6
Fighting       | |  1.6
Dodging        | |  2.3
Unarmed Combat | |  3.5
Spellcasting   | |  2.0
Transmutations | |  2.0

Action                   || total
-------------------------++-------
Melee: Unarmed           ||    57
       Constrict         ||    16
       Tentacles         ||    13
       Kick              ||    11
       Dagger            ||    16
       Punch             ||     2
 Cast: Beastly Appendage ||    17
 Stab: Sleeping          ||     7
Armor: Skin              ||     3
Dodge: Dodged            ||    54

Levels and vault maps discovered:
D:1:      dpeg_arrival_prison, layout_rooms
D:2:      layout_rooms, shapermc_ecumenical_altar_totnotflames, basic_altar,
          wad_woods_river_04, roderic_roman_lattice

Notes
Turn   | Place    | Note
-------+----------+-------------------------------------------
     0 | D:1      | zeratav the Octopode Transmuter began the quest for the
                  | Orb.
     0 | D:1      | Reached XP level 1. HP: 13/13 MP: 3/3
     0 | D:1      | magus.rc [v1.9.6]
   202 | D:1      | Reached XP level 2. HP: 12/18 MP: 5/5
   405 | D:1      | Reached skill level 1 in Stealth
   596 | D:1      | Reached XP level 3. HP: 7/23 MP: 6/6
  1146 | D:2      | HP: 5/21 [jackal (3)]
  1148 | D:2      | HP: 2/21 [jackal (1)]
  1148 | D:2      | Slain by a jackal

Vanquished Creatures
  2 ball pythons (D:1)
  A bat (D:1)
  5 endoplasms (D:1)
  A giant cockroach (D:1)
  5 goblins (D:1)
  4 hobgoblins (D:1)
  A jackal (D:2)
  2 quokkas
  4 frilled lizards (D:1)
  4 kobolds
  3 rats (D:1)
32 creatures vanquished.

Table legend:
 A = Non-vault XP
 B = Vault XP
 C = Vault XP percentage of total XP
 D = Non-vault monster count
 E = Vault monster count
 F = Vault count percentage of total count
                 A         B        C        D         E       F
            +---------+---------+-------+---------+---------+-------
      Total |      48 |       3 |   5.9 |      30 |       2 |   6.2
            +---------+---------+-------+---------+---------+-------
        D:1 |      42 |       3 |   6.7 |      26 |       2 |   7.1
        D:2 |       6 |       0 |   0.0 |       4 |       0 |   0.0
            +---------+---------+-------+---------+---------+-------

Illustrated notes

Table legend:
 A = Kills in this place as a percentage of kills in entire the game.
 B = Kills by you in this place as a percentage of kills by you in the entire game.
 C = Kills by friends in this place as a percentage of kills by friends in the entire game.
 D = Other kills in this place as a percentage of other kills in the entire game.
 E = Experience gained in this place as a percentage of experience gained in the entire game.
 F = Experience gained in this place divided by the number of levels of this place that you have seen.
                   A       B       C       D       E      F
               +-------+-------+-------+-------+-------+----------------------
         Total | 100.0 | 100.0 |   N/A |   N/A | 100.0 |  25.5
       Dungeon | 100.0 | 100.0 |   N/A |   N/A | 100.0 |  25.5
               +-------+-------+-------+-------+-------+----------------------

Table legend: (Time is in decaauts)
 A = Elapsed time spent in this place.
 B = Non-inter-level travel time spent in this place.
 C = Inter-level travel time spent in this place.
 D = Time resting spent in this place.
 E = Time spent auto-exploring this place.
 F = Levels seen in this place.
 G = Mean time per level.
                   A        B        C        D        E       F      G
               +--------+--------+--------+--------+--------+-----+--------+
         Total |   1143 |   1083 |     60 |      0 |    884 |   2 |  571.5 |
       Dungeon |   1143 |   1083 |     60 |      0 |    884 |   2 |  571.5 |
               +--------+--------+--------+--------+--------+-----+--------+

Top non-repeatable levels by time:
     D:1: 1086 daAuts
     D:2: 56 daAuts
